Map: Forteresse de fer EC

Players

AgCl

  • Race: Protoss Protoss

FlameHaze - Winner!

  • Race: Zerg Zerg

VOD

Have the link to the VOD?

Description

Time

  • Played on: May 9, 2015, 9:08 p.m.
  • Length: 3:47
Show
View Real Time Build Order
Export as new Build Order

AgCl Protoss 

Build Orders:  

Get SALT Encoding   

  12  0:02  Probe  
  13  0:25  Probe  
  13  0:26  Pylon  
  14  0:30  Assimilator  
  14  0:44  Probe  
  15  1:04  Probe (Chrono Boost)  
  15  1:09  Gateway  
  16  1:15  Probe (Chrono Boost)  
  17  1:21  Probe  
  18  1:33  Nexus  
  18  1:37  Probe  
  19  1:49  Probe  
  20  1:58  Cybernetics Core  
  20  2:03  Pylon  
  20  2:05  Probe (Chrono Boost)  
  22  2:17  Probe (Chrono Boost)  
  22  2:22  Assimilator  
  22  2:23  Probe (Chrono Boost)  
  23  2:34  Probe (Chrono Boost)  
  24  2:41  Probe (Chrono Boost), Pylon  
  25  2:45  Probe (Chrono Boost)  
  27  2:55  Probe (Chrono Boost)  
  29  2:59  Mothership Core (Chrono Boost)  
  29  3:00  Stargate  
  30  3:06  Probe (Chrono Boost)  
  30  3:09  Pylon  
  30  3:15  Probe (Chrono Boost)  
  30  3:19  Probe (Chrono Boost)  
  32  3:24  Probe (Chrono Boost)  
  34  3:27  Probe (Chrono Boost)  
  35  3:37  Probe (Chrono Boost)  
  35  3:38  Probe (Chrono Boost), Assimilator  
Show
View Real Time Build Order
Export as new Build Order

FlameHaze Zerg - Winner!

Build Orders: Pool First 

Get SALT Encoding   

  12  0:02  Drone  
  13  0:08  Drone  
  14  0:19  Overlord  
  14  0:26  Extractor  
  14  0:27  Drone  
  14  0:38  Drone  
  14  0:39  Drone  
  16  0:50  Spawning Pool  
  16  0:53  Drone  
  16  0:57  Drone  
  17  1:09  Drone  
  18  1:23  Drone  
  19  1:29  Overlord  
  19  1:37  Queen  
  21  1:40  Metabolic Boost  
  21  1:42  Zergling x2  
  22  1:56  Drone  
  23  2:13  Drone  
  23  2:14  Drone  
  25  2:17  Lair  
  25  2:31  Hatchery  
  24  2:39  Drone  
  24  2:40  Drone  
  26  2:54  Zergling x8  
  26  2:56  Overlord  
  30  3:10  Roach Warren  
  29  3:33  Evolution Chamber  
  30  3:40  Hydralisk Den  
Tags
 
Add a new tag
Caveats
  • Supply blocks, unpowered buildings, or Contaminate may cause inaccurate times.
  • Supply counts are checked every 10 seconds.